 Dungeon Crawl Stone Soup version 0.19.1 (webtiles) character file.

147 Kit the Shield-Bearer (level 5, -4/33 HPs)
             Began as a Gargoyle Fighter on Dec 8, 2016.
             Killed from afar by an orc wizard (10 damage)
             ... with a puff of frost
             ... on level 3 of the Dungeon.
             The game lasted 00:02:44 (1339 turns).

Kit the Shield-Bearer (Gargoyle Fighter)            Turns: 1339, Time: 00:02:44

Health: -4/33      AC: 10    Str: 25    XL:     5   Next: 29%
Magic:  5/5        EV:  8    Int:  9    God:
Gold:   101        SH: 10    Dex:  9    Spells: 0 memorised, 4 levels left

rFire  . . .     SeeInvis .     a - +0 flail
rCold  . . .     Gourm    .     b - +0 scale mail
rNeg   + . .     Faith    .     c - +0 shield
rPois  ∞         Spirit   .     (no helmet)
rElec  +         Reflect  .     (no cloak)
rCorr  .         Harm     .     (no gloves)
MR     .....                    (no boots)
Stlth  ..........               (no amulet)
                                (no ring)
                                (no ring)

@: mighty
A: negative energy resistance 1, electricity resistance, unbreathing,
petrification resistance, rot immunity, AC +4
a: no special abilities


You were on level 3 of the Dungeon.
You were not hungry.

You visited 1 branch of the dungeon, and saw 3 of its levels.

You collected 101 gold pieces.

Inventory:

Hand Weapons
 a - a +0 flail (weapon)
Armour
 b - a +0 scale mail (worn)
 c - a +0 shield (worn)
Scrolls
 g - 3 scrolls of immolation {unknown}
 i - a scroll of identify {unknown}
 k - 2 scrolls of recharging {unknown}
 n - a scroll of fog {unknown}
 o - a scroll of fear {unknown}
Potions
 e - 3 potions of heal wounds {unknown}
 l - 4 potions of curing {unknown}
 m - a potion of brilliance {unknown}
Comestibles
 f - a bread ration
 h - a beef jerky
 j - 2 meat rations


   Skills:
 + Level 3.8 Fighting
 + Level 3.1 Maces & Flails
 + Level 3.5 Armour
 * Level 1.7 Dodging
 + Level 4.4 Shields


You had 4 spell levels left.
You didn't know any spells.

Dungeon Overview and Level Annotations

Branches:
Dungeon (3/15)

Altars:
Ashenzari
Fedhas
Vehumet


Innate Abilities, Weirdness & Mutations

You are resistant to torment.
Your stone body is resilient. (AC +4)
You are immune to poison.
You resist negative energy. (rN+)
You are resistant to electric shocks. (rElec)
You can survive without breathing.
You are immune to petrification.
You are immune to rotting.


Message History

You sock the orc priest!
You kill the orc priest!
The orc hits you but does no damage. You block the orc's attack.
Something hits you but does no damage. The hobgoblin closely misses you.
The orc hits you but does no damage.
Unknown command.
You closely miss something. The orc barely misses you.
Something hits you but does no damage.
The hobgoblin hits you but does no damage.
You block the orc's attack. The orc hits you but does no damage.
Something hits you but does no damage.
You miss something. The hobgoblin barely misses you.
The orc closely misses you. You block the orc's attack.
Something hits you but does no damage.
You closely miss something. You block the hobgoblin's attack.
The orc barely misses you. You block the orc's attack.
You hear some strange, mumbled words.
A puff of frost appears from out of thin air!
The puff of frost hits you!
You die...

#.............#
#.##
#.............#
#..#
#.............#
##.##
#.............#
#..#
..............#
##.##
..######...####
#..#
..######...###
##.## ###
........oo..#
#..###..
........g@..#
##.##...
........){..#
#.##...
............#
#..#...
............#
###+..+#
............#
#.......
............#
#.......
............#
#.......
............#
#.......
#############
#.......


You could see 2 orcs and a hobgoblin.

Vanquished Creatures
  An orc priest (D:3)
  A worker ant (D:3)
  3 adders (D:2)
  An ooze (D:2)
  A worm (D:2)
  3 dart slugs (D:1)
  7 bats
  3 giant cockroaches
  5 goblins
  3 hobgoblins (D:1)
  10 jackals
  2 frilled lizards (D:1)
  8 kobolds
  7 rats
55 creatures vanquished.

Notes
Turn   | Place    | Note
-------+----------+-------------------------------------------
     0 | D:1      | Kit the Gargoyle Fighter began the quest for the Orb.
     0 | D:1      | Reached XP level 1. HP: 14/14 MP: 1/1
   139 | D:1      | Reached XP level 2. HP: 19/19 MP: 2/2
   548 | D:1      | Reached XP level 3. HP: 23/23 MP: 3/3
   848 | D:2      | Found a radiant altar of Vehumet.
   849 | D:2      | Found a blossoming altar of Fedhas.
   865 | D:2      | Reached skill level 1 in Dodging
   917 | D:2      | Reached XP level 4. HP: 19/28 MP: 4/4
  1030 | D:2      | Reached skill level 4 in Shields
  1038 | D:2      | Found a shattered altar of Ashenzari.
  1291 | D:3      | Reached XP level 5. HP: 22/33 MP: 5/5
  1339 | D:3      | Killed from afar by an orc wizard

Skill      XL: |  1  2  3  4 |
---------------+-------------+-----
Dodging        | 1 |  1.7
Maces & Flails | 3 |  3.1
Shields        | 4 |  4.4
Fighting       | |  3.8
Armour         | |  3.5

Action                   |  1- 3 |  4- 6 || total
-------------------------+-------+-------++-------
Melee: Flail             |   162 |    97 ||   259
  Use: Potion            |       |     1 ||     1
  Eat: Chunk             |       |     2 ||     2
Armor: Scale mail        |    95 |   117 ||   212
Dodge: Dodged            |    77 |    62 ||   139
Block: Shield            |   107 |    91 ||   198
